 Dungeon Crawl Stone Soup version 0.28.0-45-g0d030f2227 (webtiles) character file.

Game seed: 8060416296156425933

3132 pkoi the Grappler (level 9, -1/56 (67) HPs)
             Began as a Demigod Gladiator on Apr 18, 2022.
             Slain by an orc warrior
             ... wielding a +0 flail
              (9 damage)
             ... on level 8 of the Dungeon.
             The game lasted 00:19:26 (15528 turns).

pkoi the Grappler (Demigod Gladiator)              Turns: 15528, Time: 00:19:26

HP:   -1/56 (67)    AC:  6    Str: 19    XL:     9   Next: 35%
MP:   15/15         EV: 12    Int: 18    God:
Gold: 511           SH:  0    Dex: 15    Spells: 4/12 levels left

rFire   . . .      SeeInvis .     - Unarmed
rCold   . . .      Faith    .   (no shield)
rNeg    . . .      Spirit   .   a - +0 leather armour
rPois   .          Reflect  .   b - +1 helmet
rElec   .          Harm     .   (no cloak)
rCorr   .          Rampage  .   m - +0 pair of gloves
Will    .....                   (no boots)
Stlth   ++........              (no amulet)
HPRegen 0.18/turn               (no ring)
MPRegen 0.14/turn               (no ring)

@: heavily drained
A: high MP 1, forlorn, divine attributes
a: no special abilities


You were on level 8 of the Dungeon.
You visited 2 branches of the dungeon, and saw 9 of its levels.

You collected 511 gold pieces.

Inventory:

Hand Weapons
 d - a +0 whip
 f - a +0 short sword
 h - a +3 vampiric dagger
 t - a +2 dagger of venom
 w - the +4 short sword of the Many Beggars {vorpal, rC+ Stlth+}
   (You found it on level 4 of the Dungeon)

   It inflicts extra damage upon your enemies.
   rC:        It protects you from cold.
   Stlth:     It makes you more stealthy.
Missiles
 c - 3 throwing nets (quivered)
 v - a curare-tipped dart
Armour
 a - a +0 leather armour (worn)
 b - a +1 helmet (worn)
 m - a +0 pair of gloves (worn)
Wands
 q - a wand of iceblast (9)
 r - a wand of paralysis (9)
 x - a wand of acid (4)
Scrolls
 e - 3 scrolls of teleportation
 g - 3 scrolls of magic mapping
 j - a scroll of torment
 k - a scroll of fog
 l - 3 scrolls of identify
 n - a scroll of enchant armour
 s - 2 scrolls of silence
 y - a scroll of holy word {unknown}
Potions
 i - a potion of mutation {unknown}
 o - 3 potions of curing
 p - 2 potions of might
 u - 2 potions of haste


   Skills:
 - Level 1.7 Fighting
 - Level 1.7 Throwing
 - Level 2.6 Dodging
 - Level 2.0 Stealth
 + Level 8.8 Unarmed Combat
 + Level 2.0 Spellcasting
 - Level 1.7 Translocations
 - Level 5.4 Ice Magic
 + Level 4.6 Poison Magic
 + Level 3.4 Evocations


You had 4 spell levels left.
You knew the following spells:

 Your Spells              Type           Power      Damage    Failure   Level
a - Ozocubu's Armour      Ice            21%        N/A       7%          3
b - Olgreb's Toxic Radia  Pois           18%        N/A       32%         4
c - Apportation           Tloc           16%        N/A       11%         1

Your spell library contained the following spells:

 Spells                   Type           Power      Damage    Failure   Level
 Animate Skeleton         Necr           2%         N/A       22%         1
 Summon Small Mammal      Summ           4%         N/A       22%         1
 Dazzling Flash           Conj/Hex       2%         N/A       54%         3
 Iskenderun's Mystic Bla  Conj/Tloc      4%         2d3       83%         4
 Starburst                Conj/Fire      0%         6d3       100%        6
 Ozocubu's Refrigeration  Ice            10%        4d7       100%        7
 Ignition                 Fire           0%         3d3       100%        8


Dungeon Overview and Level Annotations

Branches:
Dungeon (8/15)             Temple (1/1) D:6
   Lair: D:8-11

Shops:
D:7 =

Annotations:
D:4 Dowan, Duvessa
D:5 1 runed translucent door
D:6 Pikel


Innate Abilities, Weirdness & Mutations

You have an increased reservoir of magic. (+10% MP)
You shall have no god before yourself.
Your divine heritage dramatically boosts your attributes as you level up.


Message History

The bolt of acid misses the orc warrior.
The bolt of acid hits the orc wizard!
The acid corrodes the orc wizard!
The orc wizard is almost dead.
The bolt of acid hits the orc!
You kill the orc!
The orc warrior hits you with a +0 flail!
Unknown command.
Unknown command.
Aiming: Corrosive Bolt
Press: ? - help, Shift-Dir - straight line, f/p - orc warrior
Aim: an orc warrior, wielding a +0 flail and wearing a +0 chain mail (71% to hit)
The bolt of acid hits the orc warrior!
The acid corrodes the orc warrior!
The orc warrior is heavily wounded.
The bolt of acid hits the orc wizard!!
The orc wizard seems to be corroded for longer.
You kill the orc wizard!
The bolt of acid hits the orc!!
The acid corrodes the orc!
You kill the orc!
The orc warrior completely misses you.
Unknown command.
Unknown command.
You punch the orc warrior!
The orc warrior is almost dead.
The orc warrior hits you with a +0 flail!
* * * LOW HITPOINT WARNING * * *
You barely miss the orc warrior.
The orc warrior is almost dead.
The orc warrior hits you with a +0 flail!
* * * LOW HITPOINT WARNING * * *
You closely miss the orc warrior.
The orc warrior is almost dead.
The orc warrior closely misses you.
You barely miss the orc warrior.
The orc warrior is almost dead.
The orc warrior hits you with a +0 flail!
* * * LOW HITPOINT WARNING * * *
You closely miss the orc warrior.
The orc warrior is almost dead.
The orc warrior hits you with a +0 flail!
You die...

#.. #......... #..
##........ #..
#)..####. #)# ##..#
## #.# #.## # #.# #.#
# #)# #)# #o# #.#
##@## #.## #...##
##..# ###....####
#...###
#.........###.....##
##...##............##
#(.#####...........#
#..## ##...........
##..# #...........
#..## ##..........


You could see an orc warrior (corroded).

Vanquished Creatures
  2 yaks
  A wraith (D:7)
  A steam dragon (D:7)
  A water moccasin (D:7)
  2 orc warriors
  2 sky beasts (D:5)
  An ogre (D:6)
  A centaur (D:8)
  2 lemures (D:7)
  2 phantoms
  A kobold brigand (D:8)
  A bullfrog (D:8)
  3 scorpions
  A wyvern skeleton (D:6)
  4 killer bees (D:8)
  5 wights
  A bullfrog zombie (D:6)
  4 centaur zombies
  4 hounds
  3 jellies
  5 orc priests
  2 bullfrog skeletons (D:6)
  A centaur skeleton (D:4)
  6 orc wizards
  Natasha (twice) (D:2)
  A killer bee zombie (D:8)
  A hound skeleton (D:2)
  A mummy (D:6)
  A gnoll (D:4)
  An adder (D:6)
  A white imp (D:5)
  An ufetubus (D:5)
  An adder zombie (D:5)
  2 adder skeletons (D:4)
  2 worms
  30 orcs
  13 ball pythons
  7 bats
  5 endoplasms
  5 giant cockroaches
  3 goblins
  6 hobgoblins
  3 jackals (D:4)
  5 quokkas
  4 frilled lizards
  2 hobgoblin zombies (D:6)
  16 kobolds
  2 kobold zombies (D:6)
  5 rats
176 creatures vanquished.

Vanquished Creatures (others)
  58 plants (D:8)
58 creatures vanquished.

Grand Total: 234 creatures vanquished

Notes
Turn   | Place    | Note
-------+----------+-------------------------------------------
     0 | D:1      | pkoi the Demigod Gladiator began the quest for the Orb.
     0 | D:1      | Reached XP level 1. HP: 17/17 MP: 3/3
   189 | D:1      | Reached skill level 3 in Unarmed Combat
   507 | D:1      | Reached XP level 2. HP: 24/24 MP: 4/4
  1356 | D:2      | Noticed Natasha
  1446 | D:2      | Reached XP level 3. HP: 29/29 MP: 5/5
  1614 | D:2      | Reached skill level 4 in Unarmed Combat
  2136 | D:2      | Killed Natasha
  2137 | D:2      | Reached XP level 4. HP: 28/36 MP: 6/6
  2488 | D:2      | Noticed Natasha
  2499 | D:2      | Killed Natasha
  2594 | D:3      | Reached skill level 5 in Unarmed Combat
  3052 | D:3      | Reached XP level 5. HP: 30/41 MP: 7/7
  3527 | D:4      | Learned a level 3 spell: Ozocubu's Armour
  3808 | D:4      | Identified the +4 short sword of the Many Beggars {vorpal,
                  | rC+ Stlth+}
  4040 | D:4      | Reached skill level 1 in Spellcasting
  4040 | D:4      | Reached skill level 1 in Ice Magic
  4456 | D:3      | Reached skill level 6 in Unarmed Combat
  4456 | D:3      | Reached XP level 6. HP: 23/48 MP: 10/10
  5160 | D:5      | Entered Level 5 of the Dungeon
  5404 | D:5      | Reached XP level 7. HP: 46/53 MP: 13/13
  5445 | D:5      | Noticed Dowan
  5445 | D:5      | Noticed Duvessa
  6103 | D:5      | Learned a level 4 spell: Olgreb's Toxic Radiance
  6113 | D:5      | Reached skill level 7 in Unarmed Combat
  6590 | D:5      | Found a runed translucent door.
  6827 | D:5      | Reached skill level 1 in Poison Magic
  7570 | D:6      | Reached skill level 1 in Evocations
  8091 | D:6      | Found a staircase to the Ecumenical Temple.
  8100 | Temple   | Entered the Ecumenical Temple
  8770 | D:5      | Reached XP level 8. HP: 3/60 MP: 14/14
  9703 | D:7      | Reached skill level 8 in Unarmed Combat
  9986 | D:7      | Reached skill level 1 in Stealth
 10825 | D:7      | Noticed Pikel
 11095 | D:7      | Found Jaemm's Jewellery Shoppe.
 12623 | D:8      | Reached skill level 5 in Ice Magic
 12623 | D:8      | Reached XP level 9. HP: 48/67 MP: 15/15
 12810 | D:8      | Learned a level 1 spell: Apportation
 13006 | D:8      | HP: 1/67 [killer bee (5)]
 13031 | D:8      | HP: 3/67 [killer bee (3)]
 13653 | D:8      | Reached skill level 1 in Translocations
 15142 | D:8      | Noticed a two-headed ogre
 15528 | D:8      | Slain by an orc warrior

Illustrated notes

Levels and vault maps discovered:
D:1:      mrwooster_arrival_statue_3, layout_rooms,
          dreamdust_ecumenical_altar_grove, palyth_stone_intersect
D:2:      layout_basic, uniq_natasha
D:3:      layout_loops_ring
D:4:      layout_rooms, hangedman_abyss_or_decor_stabs, minmay_surrounded
D:5:      layout_loops_ring, kennysheep_path_1, chequers_jeans,
          lightli_church_of_beogh, uniq_duvessa
D:6:      layout_gridville, minmay_temple_entry_poolview, minmay_mini_ossuary
D:7:      layout_cave_pools, nicolae_ashenzari_skybound, serial_shops,
          nicolae_shop_stone, hangedman_abyss_or_decor_stagger,
          corexii_hall_statues_i, hangedman_decor_points,
          kennysheep_generic_room_6, uniq_pikel
D:8:      layout_layer_cave, serial_bayou_lagoon_a
Temple:   mainiacjoe_temple_starburst

Skill      XL: |  1  2  3  4  5  6  7  8  9 |
---------------+----------------------------+-----
Unarmed Combat | 3 4 5 6 7 8 |  8.8
Spellcasting   | 1 2 |  2.0
Ice Magic      | 1 2 3 5 |  5.4
Poison Magic   | 2 4 |  4.6
Evocations     | 1 2 3 |  3.4
Stealth        | 2 |  2.0
Translocations | 1 |  1.7
Fighting       | |  1.7
Throwing       | |  1.7
Dodging        | |  2.6

Action                   |  1- 3 |  4- 6 |  7- 9 || total
-------------------------+-------+-------+-------++-------
Melee: Unarmed           |    75 |       |   312 ||   387
       Whip              |     3 |       |       ||     3
       Dagger            |    64 |   135 |       ||   199
       Punch             |     1 |     7 |    30 ||    38
       Short sword       |       |    82 |    87 ||   169
 Cast: Ozocubu's Armour  |       |       |    12 ||    12
Evoke: Wand              |       |       |     6 ||     6
  Use: Scroll            |     2 |       |    16 ||    18
       Potion            |     2 |       |     4 ||     6
 Stab: Sleeping          |       |     2 |     1 ||     3
       Distracted        |       |       |     1 ||     1
Armor: Leather armour    |    39 |    71 |   125 ||   235
Dodge: Dodged            |    84 |   149 |   231 ||   464
